| TOP OF THE 1ST |
|
Pulaski Yankees batting - Pitching for Baltimore (APP) Orioles : RHP Jonathan Spicer
|
|
Pitching: RHP Jonathan Spicer
|
|
|
Batting: LHB Joel Vera
|
0-0: Ball 1-0: Foul Ball, location: 2F 1-1: Swinging Strike 1-2: Strikes out swinging
|
|
Batting: LHB Dan Morris
|
0-0: Foul Ball, location: 2F 0-1: Ground out 1-3 (Groundball, 13S, EV 63.8 MPH)
|
|
Batting: SHB Blake Abbott
|
0-0: Swinging Strike 0-1: Ball 1-1: Foul Ball, location: 2F 1-2: Foul Ball, location: 2F 1-2: Ball 2-2: Ball 3-2: Strikes out looking
|
| Top of the 1st over - 0 runs, 0 hits, 0 errors, 0 left on base; Pulaski 0 - Baltimore (APP) 0 |
| BOTTOM OF THE 1ST |
|
Baltimore (APP) Orioles batting - Pitching for Pulaski Yankees : LHP Arturo Eli
|
|
Pitching: LHP Arturo Eli
|
|
|
Batting: LHB Eric Jackson
|
0-0: Foul Ball, location: 2F 0-1: Swinging Strike 0-2: Foul Ball, location: 2F 0-2: Ball 1-2: Ball 2-2: Strikes out swinging
|
|
Batting: LHB Bill Ostlund
|
0-0: Called Strike 0-1: Ball 1-1: Foul Ball, location: 2F 1-2: Ball 2-2: Strikes out swinging
|
|
Batting: RHB Mike Zepeda
|
0-0: Ball 1-0: Ground out 3-1 (Groundball, 34, EV 76.9 MPH)
|
| Bottom of the 1st over - 0 runs, 0 hits, 0 errors, 0 left on base; Pulaski 0 - Baltimore (APP) 0 |
| TOP OF THE 2ND |
|
Pulaski Yankees batting - Pitching for Baltimore (APP) Orioles : RHP Jonathan Spicer
|
|
Batting: RHB Mike Gifford
|
0-0: Ball 1-0: Swinging Strike 1-1: Called Strike 1-2: Strikes out looking
|
|
Batting: RHB Bobby Melillo
|
0-0: Called Strike 0-1: Swinging Strike 0-2: Ground out 4-3 (Groundball, 4MS, EV 91.9 MPH)
|
|
Batting: SHB Victor Ruiz
|
0-0: Ball 1-0: Called Strike 1-1: Ball 2-1: Ball 3-1: Base on Balls
|
|
Batting: RHB Colby Macon
|
0-0: Called Strike 0-1: Fly out, F8 (Flyball, 89S, EV 88.8 MPH)
|
| Top of the 2nd over - 0 runs, 0 hits, 0 errors, 1 left on base; Pulaski 0 - Baltimore (APP) 0 |
| BOTTOM OF THE 2ND |
|
Baltimore (APP) Orioles batting - Pitching for Pulaski Yankees : LHP Arturo Eli
|
|
Batting: RHB Alex Valencia
|
0-0: Ball 1-0: Ball 2-0: Called Strike 2-1: Ball 3-1: Fly out, F8 (Flyball, 8LD, EV 102.5 MPH)
|
|
Batting: RHB Fernando Bravo
|
0-0: Swinging Strike 0-1: Ball 1-1: Ball 2-1: Swinging Strike 2-2: Ground out 6-3 (Groundball, 6, EV 88.8 MPH)
|
|
Batting: LHB Rodolfo Montes
|
0-0: Called Strike 0-1: Ball 1-1: Foul Ball, location: 2F 1-2: SINGLE (Groundball, 4, EV 99.4 MPH)
|
|
Batting: RHB Matt O'Dea
|
0-0: Called Strike 0-1: Ball 1-1: Ball 2-1: Ball 3-1: Foul Ball, location: 2F 3-2: Fly out, F7 (Flyball, 7D, EV 84.4 MPH)
|
| Bottom of the 2nd over - 0 runs, 1 hit, 0 errors, 1 left on base; Pulaski 0 - Baltimore (APP) 0 |
| TOP OF THE 3RD |
|
Pulaski Yankees batting - Pitching for Baltimore (APP) Orioles : RHP Jonathan Spicer
|
|
Batting: RHB Seth Rutz
|
0-0: Foul Ball, location: 2F 0-1: Called Strike 0-2: Ball 1-2: Ground out 1-3 (Groundball, 13S, EV 76.9 MPH)
|
|
Batting: RHB Nick Dunton
|
0-0: Ball 1-0: Ball 2-0: Ball 3-0: Base on Balls
|
|
Batting: LHB Joel Vera
|
0-0: Called Strike 0-1: Ball 1-1: Reached on error, E4 (Groundball, 13, EV 82.5 MPH) Nick Dunton to second
|
|
Batting: LHB Dan Morris
|
0-0: Ball 1-0: Ball 2-0: Ball 3-0: Called Strike 3-1: Foul Ball, location: 2F 3-2: Strikes out swinging
|
|
Batting: SHB Blake Abbott
|
0-0: Ground out 4-3 (Groundball, 4, EV 85.0 MPH)
|
| Top of the 3rd over - 0 runs, 0 hits, 1 error, 2 left on base; Pulaski 0 - Baltimore (APP) 0 |
| BOTTOM OF THE 3RD |
|
Baltimore (APP) Orioles batting - Pitching for Pulaski Yankees : LHP Arturo Eli
|
|
Batting: RHB Ryan Vest
|
0-0: Ball 1-0: Ball 2-0: DOUBLE (Groundball, 5L, EV 94.4 MPH)
|
|
Batting: RHB Roberto Sotelo
|
0-0: Swinging Strike 0-1: Ball 1-1: Swinging Strike 1-2: Strikes out swinging
|
|
Batting: LHB Eric Jackson
|
0-0: Called Strike 0-1: Ball 1-1: Ball 2-1: Called Strike 2-2: Foul Ball, location: 2F 2-2: Strikes out looking
|
|
Batting: LHB Bill Ostlund
|
0-0: Called Strike 0-1: SINGLE (Line Drive, 89M, EV 98.1 MPH) Ryan Vest to third Runner from 3rd tries for Home, SAFE, throw by CF to home Bill Ostlund to second
|
|
Batting: RHB Mike Zepeda
|
0-0: Swinging Strike 0-1: Called Strike 0-2: Strikes out swinging
|
| Bottom of the 3rd over - 1 run, 2 hits, 0 errors, 1 left on base; Pulaski 0 - Baltimore (APP) 1 |
| TOP OF THE 4TH |
|
Pulaski Yankees batting - Pitching for Baltimore (APP) Orioles : RHP Jonathan Spicer
|
|
Batting: RHB Mike Gifford
|
0-0: Called Strike 0-1: Foul Ball, location: 2F 0-2: Strikes out swinging
|
|
Batting: RHB Bobby Melillo
|
0-0: Ball 1-0: Called Strike 1-1: SINGLE (Groundball, 6MD, EV 101.9 MPH)
|
|
Batting: SHB Victor Ruiz
|
0-0: Ball 1-0: Foul Ball, location: 2F 1-1: Ball 2-1: Fielders Choice at 2nd, 3-6 (Groundball, 3, EV 108.1 MPH)
|
|
Batting: RHB Colby Macon
|
0-0: Called Strike 0-1: Reached via error on a dropped throw from 1B, E1 (Groundball, 34S, EV 83.8 MPH) Victor Ruiz to second
|
|
Batting: RHB Seth Rutz
|
0-0: Ground out 4-3 (Groundball, 4, EV 96.9 MPH)
|
| Top of the 4th over - 0 runs, 1 hit, 1 error, 2 left on base; Pulaski 0 - Baltimore (APP) 1 |
| BOTTOM OF THE 4TH |
|
Baltimore (APP) Orioles batting - Pitching for Pulaski Yankees : LHP Arturo Eli
|
|
Batting: RHB Alex Valencia
|
0-0: Fly out, F8 (Flyball, 8LXD, EV 86.3 MPH)
|
|
Batting: RHB Fernando Bravo
|
0-0: Ball 1-0: Ball 2-0: Ball 3-0: Base on Balls
|
|
Batting: LHB Rodolfo Montes
|
0-0: Ball 1-0: Ball 2-0: Ball 3-0: Called Strike 3-1: Called Strike 3-2: Foul Ball, location: 2F 3-2: Foul Ball, location: 2F 3-2: SINGLE (Groundball, 6MD, EV 105.6 MPH) (infield hit) Fernando Bravo to second
|
|
Batting: RHB Matt O'Dea
|
0-0: Ball 1-0: Ball 2-0: Foul Ball, location: 2F 2-1: Ball 3-1: Called Strike 3-2: Foul Ball, location: 2F 3-2: SINGLE (Flyball, 3D, EV 90.6 MPH) Fernando Bravo to third Rodolfo Montes to second
|
|
Batting: RHB Ryan Vest
|
0-0: Ball 1-0: Foul Ball, location: 2F 1-1: Ball 2-1: Called Strike 2-2: Strikes out looking
|
|
Pitching: RHP Vince DeFord
|
|
|
Batting: RHB Roberto Sotelo
|
0-0: Ball 1-0: Ball 2-0: Ball 3-0: Called Strike 3-1: Foul Ball, location: 2F 3-2: Strikes out swinging
|
| Bottom of the 4th over - 0 runs, 2 hits, 0 errors, 3 left on base; Pulaski 0 - Baltimore (APP) 1 |
| TOP OF THE 5TH |
|
Pulaski Yankees batting - Pitching for Baltimore (APP) Orioles : RHP Jonathan Spicer
|
|
Batting: RHB Nick Dunton
|
0-0: Ground out 3-1 (Groundball, 34S, EV 89.4 MPH)
|
|
Batting: LHB Joel Vera
|
0-0: Ball 1-0: Ground out 4-3 (Groundball, 4, EV 76.9 MPH)
|
|
Batting: LHB Dan Morris
|
0-0: Ball 1-0: Ball 2-0: Ball 3-0: Foul Ball, location: 2F 3-1: Base on Balls
|
|
Batting: SHB Blake Abbott
|
0-0: Ball 1-0: Ball 2-0: Swinging Strike 2-1: Foul Ball, location: 2F 2-2: Ball 3-2: 2-RUN HOME RUN (Flyball, 7D, EV 98.1 MPH), Distance : 394 ft
|
|
Batting: RHB Mike Gifford
|
0-0: Swinging Strike 0-1: Ball 1-1: Swinging Strike 1-2: Ball 2-2: Fly out, F8 (Flyball, 8LD, EV 85.0 MPH)
|
| Top of the 5th over - 2 runs, 1 hit, 0 errors, 0 left on base; Pulaski 2 - Baltimore (APP) 1 |
| BOTTOM OF THE 5TH |
|
Baltimore (APP) Orioles batting - Pitching for Pulaski Yankees : RHP Vince DeFord
|
|
Batting: LHB Eric Jackson
|
0-0: Ball 1-0: Ball 2-0: Swinging Strike 2-1: Swinging Strike 2-2: Ball 3-2: Strikes out swinging
|
|
Batting: LHB Bill Ostlund
|
0-0: Called Strike 0-1: Swinging Strike 0-2: Strikes out looking
|
|
Batting: RHB Mike Zepeda
|
0-0: Called Strike 0-1: Foul Ball, location: 2F 0-2: Strikes out swinging
|
| Bottom of the 5th over - 0 runs, 0 hits, 0 errors, 0 left on base; Pulaski 2 - Baltimore (APP) 1 |
| TOP OF THE 6TH |
|
Pulaski Yankees batting - Pitching for Baltimore (APP) Orioles : RHP Jonathan Spicer
|
|
Pitching: RHP Angel Gonzales
|
|
|
Batting: RHB Bobby Melillo
|
0-0: Foul Ball, location: 2F 0-1: Ground out 1-3 (Groundball, P, EV 68.8 MPH)
|
|
Batting: SHB Victor Ruiz
|
0-0: Swinging Strike 0-1: Ball 1-1: SOLO HOME RUN (Flyball, 9LD, EV 91.9 MPH), Distance : 343 ft
|
|
Batting: RHB Colby Macon
|
0-0: Called Strike 0-1: Ball 1-1: Foul Ball, location: 2F 1-2: Strikes out looking
|
|
Batting: RHB Seth Rutz
|
0-0: Foul Ball, location: 2F 0-1: Called Strike 0-2: Strikes out swinging
|
| Top of the 6th over - 1 run, 1 hit, 0 errors, 0 left on base; Pulaski 3 - Baltimore (APP) 1 |
| BOTTOM OF THE 6TH |
|
Baltimore (APP) Orioles batting - Pitching for Pulaski Yankees : RHP Vince DeFord
|
|
Batting: RHB Alex Valencia
|
0-0: Called Strike 0-1: Foul Ball, location: 2F 0-2: Foul Ball, location: 2F 0-2: Strikes out looking
|
|
Batting: RHB Fernando Bravo
|
0-0: Ball 1-0: Called Strike 1-1: Foul Ball, location: 2F 1-2: Ground out 5-3 (Groundball, 56, EV 86.3 MPH)
|
|
Batting: LHB Rodolfo Montes
|
0-0: Called Strike 0-1: Called Strike 0-2: Strikes out swinging
|
| Bottom of the 6th over - 0 runs, 0 hits, 0 errors, 0 left on base; Pulaski 3 - Baltimore (APP) 1 |
| TOP OF THE 7TH |
|
Pulaski Yankees batting - Pitching for Baltimore (APP) Orioles : RHP Angel Gonzales
|
|
Pitching: LHP Kyle Sheridan
|
|
|
Batting: RHB Nick Dunton
|
0-0: Ball 1-0: Ball 2-0: Ball 3-0: Base on Balls
|
|
Batting: LHB Joel Vera
|
0-0: Ball 1-0: Sac Bunt to 15 - play at first, batter OUT! 1-3 Nick Dunton to second
|
|
Batting: LHB Dan Morris
|
0-0: Called Strike 0-1: Foul Ball, location: 2F 0-2: Ball 1-2: Ball 2-2: Ball 3-2: Foul Ball, location: 2F 3-2: Base on Balls
|
|
Batting: SHB Blake Abbott
|
0-0: Foul Ball, location: 2F 0-1: Ball 1-1: SINGLE (Groundball, 4MD, EV 99.4 MPH) Nick Dunton to third Dan Morris to second
|
|
Batting: RHB Mike Gifford
|
0-0: Foul Ball, location: 2F 0-1: Ball 1-1: Ball 2-1: Ball 3-1: SINGLE (Groundball, 56, EV 106.3 MPH) Nick Dunton scores Dan Morris to third Blake Abbott to second
|
|
Batting: RHB Bobby Melillo
|
0-0: Ball 1-0: SINGLE (Line Drive, 4D, EV 103.1 MPH) Dan Morris scores Blake Abbott to third Mike Gifford to second
|
|
Batting: SHB Victor Ruiz
|
0-0: SINGLE (Groundball, 6D, EV 103.8 MPH) Blake Abbott scores Mike Gifford to third Bobby Melillo to second
|
|
Batting: RHB Colby Macon
|
0-0: Called Strike 0-1: Ball 1-1: Ball 2-1: Foul Ball, location: 2F 2-2: Foul Ball, location: 2F 2-2: Foul Ball, location: 2F 2-2: Ball 3-2: Foul Ball, location: 2F 3-2: Foul Ball, location: 2F 3-2: Base on Balls Mike Gifford scores Bobby Melillo to third Victor Ruiz to second
|
|
Pitching: LHP Freddy Gutierrez
|
|
|
Batting: RHB Seth Rutz
|
0-0: Foul Ball, location: 2F 0-1: Ball 1-1: Ball 2-1: Ball 3-1: Called Strike 3-2: Foul Ball, location: 2F 3-2: Foul Ball, location: 2F 3-2: Strikes out swinging
|
|
Batting: RHB Nick Dunton
|
0-0: Ball 1-0: GRAND SLAM HOME RUN (Flyball, 7D, EV 99.4 MPH), Distance : 389 ft
|
|
Batting: LHB Joel Vera
|
0-0: Ball 1-0: Fly out, F8 (Flyball, 8RXD, EV 105.6 MPH)
|
| Top of the 7th over - 8 runs, 5 hits, 0 errors, 0 left on base; Pulaski 11 - Baltimore (APP) 1 |
| BOTTOM OF THE 7TH |
|
Baltimore (APP) Orioles batting - Pitching for Pulaski Yankees : RHP Vince DeFord
|
|
Pinch Hitting: RHB Ronnie Cummings
|
0-0: Called Strike 0-1: Ball 1-1: Foul Ball, location: 2F 1-2: Ball 2-2: Ball 3-2: SINGLE (Line Drive, 89S, EV 91.3 MPH)
|
|
Batting: RHB Ryan Vest
|
0-0: Called Strike 0-1: Foul Ball, location: 2F 0-2: Ball 1-2: Ball 2-2: Ball 3-2: Strikes out swinging
|
|
Batting: RHB Roberto Sotelo
|
0-0: Called Strike 0-1: Foul Ball, location: 2F 0-2: Ball 1-2: Ball 2-2: Strikes out swinging
|
|
Pinch Hitting: RHB Matt Foster
|
0-0: Swinging Strike 0-1: Foul Ball, location: 2F 0-2: SINGLE (Groundball, P, EV 92.5 MPH) (infield hit) Ronnie Cummings to second
|
|
Batting: LHB Bill Ostlund
|
0-0: Ball 1-0: Ball 2-0: Ball 3-0: Base on Balls Ronnie Cummings to third Matt Foster to second
|
|
Batting: RHB Mike Zepeda
|
0-0: Called Strike 0-1: Ball 1-1: Swinging Strike 1-2: Strikes out swinging
|
| Bottom of the 7th over - 0 runs, 2 hits, 0 errors, 3 left on base; Pulaski 11 - Baltimore (APP) 1 |
| TOP OF THE 8TH |
|
Pulaski Yankees batting - Pitching for Baltimore (APP) Orioles : LHP Freddy Gutierrez
|
|
Now at 1B: Ronnie Cummings
|
|
|
Now in LF: Matt Foster
|
|
|
Now in CF: Rodolfo Montes
|
|
|
Batting: LHB Dan Morris
|
0-0: Ground out 6-3 (Groundball, 6M, EV 95.6 MPH)
|
|
Pinch Hitting: RHB John Sabean
|
0-0: Ball 1-0: Called Strike 1-1: Ball 2-1: Ground out 1-3 (Groundball, P, EV 75.0 MPH)
|
|
Batting: RHB Mike Gifford
|
0-0: Ball 1-0: Ball 2-0: Foul Ball, location: 2F 2-1: Called Strike 2-2: Ball 3-2: Base on Balls
|
|
Batting: RHB Bobby Melillo
|
0-0: Ball 1-0: Called Strike 1-1: Called Strike 1-2: Ball 2-2: Strikes out swinging
|
| Top of the 8th over - 0 runs, 0 hits, 0 errors, 1 left on base; Pulaski 11 - Baltimore (APP) 1 |
| BOTTOM OF THE 8TH |
|
Baltimore (APP) Orioles batting - Pitching for Pulaski Yankees : RHP Vince DeFord
|
|
Now in LF: Graham Murphy
|
|
|
Batting: RHB Alex Valencia
|
0-0: Ball 1-0: Ground out 4-3 (Groundball, 4, EV 84.4 MPH)
|
|
Batting: RHB Fernando Bravo
|
0-0: Foul Ball, location: 2F 0-1: Ball 1-1: Ball 2-1: Foul Ball, location: 2F 2-2: Ground out 5-3 (Groundball, 56S, EV 70.0 MPH)
|
|
Batting: LHB Rodolfo Montes
|
0-0: Fly out, F8 (Flyball, 8RXD, EV 91.3 MPH)
|
| Bottom of the 8th over - 0 runs, 0 hits, 0 errors, 0 left on base; Pulaski 11 - Baltimore (APP) 1 |
| TOP OF THE 9TH |
|
Pulaski Yankees batting - Pitching for Baltimore (APP) Orioles : LHP Freddy Gutierrez
|
|
Pitching: RHP Frank Caillouet
|
|
|
Batting: SHB Victor Ruiz
|
0-0: Ball 1-0: Swinging Strike 1-1: Ball 2-1: Swinging Strike 2-2: Strikes out swinging
|
|
Batting: RHB Colby Macon
|
0-0: Foul Ball, location: 2F 0-1: Called Strike 0-2: Foul Ball, location: 2F 0-2: Strikes out swinging
|
|
Pinch Hitting: SHB Eddie Trebelhorn
|
0-0: Ball 1-0: Ball 2-0: Foul Ball, location: 2F 2-1: Foul Ball, location: 2F 2-2: Strikes out swinging
|
| Top of the 9th over - 0 runs, 0 hits, 0 errors, 0 left on base; Pulaski 11 - Baltimore (APP) 1 |
| BOTTOM OF THE 9TH |
|
Baltimore (APP) Orioles batting - Pitching for Pulaski Yankees : RHP Vince DeFord
|
|
Pitching: RHP Bill Kaiser
|
|
|
Now at 1B: Eddie Trebelhorn
|
|
|
Batting: RHB Ronnie Cummings
|
0-0: Ground out 6-3 (Groundball, 6, EV 91.9 MPH)
|
|
Batting: RHB Ryan Vest
|
0-0: Called Strike 0-1: Ball 1-1: Called Strike 1-2: Ball 2-2: Ball 3-2: Reached on error, E6 (Groundball, 6S, EV 77.5 MPH)
|
|
Pinch Hitting: LHB Justin Alworth
|
0-0: Called Strike 0-1: Foul Ball, location: 2F 0-2: Ball 1-2: Ground out 1-3 (Groundball, 13S, EV 76.3 MPH) Ryan Vest to third
|
|
Batting: RHB Matt Foster
|
0-0: Called Strike 0-1: Foul Ball, location: 2F 0-2: Ball 1-2: Ball 2-2: Ball 3-2: DOUBLE (Line Drive, 89XD, EV 106.3 MPH) Ryan Vest scores
|
|
Batting: LHB Bill Ostlund
|
0-0: Ball 1-0: Foul Ball, location: 2F 1-1: Swinging Strike 1-2: Strikes out swinging
|
| Bottom of the 9th over - 1 run, 1 hit, 1 error, 1 left on base; Pulaski 11 - Baltimore (APP) 2 |
|